 Dungeon Crawl Stone Soup version 0.29.1-15-g9cfb28693d (webtiles) character file.

Game seed: 4149733494244425210

894 Eitelfritz the Carver (level 7, 0/60 HPs)
             Began as a Minotaur Gladiator on Apr 8, 2023.
             Slain by a gnoll sergeant
             ... wielding a +2 vorpal spear
              (3 damage)
             ... on level 5 of the Dungeon.
             The game lasted 00:09:05 (6167 turns).

Eitelfritz the Carver (Minotaur Gladiator)          Turns: 6167, Time: 00:09:05

Health: 0/60       AC: 12    Str: 18    XL:     7   Next: 78%
Magic:  6/6        EV:  8    Int:  7    God:
Gold:   221        SH:  0    Dex: 12    Spells: 6/6 levels left

rFire   . . .      SeeInvis .   a - +0 long sword
rCold   . . .      Faith    .   (no shield)
rNeg    . . .      Spirit   .   t - +0 chain mail
rPois   .          Reflect  .   c - +2 hat
rElec   .          Harm     .   (no cloak)
rCorr   .          Rampage  .   (no gloves)
Will    .....                   l - +0 pair of boots
Stlth   ..........              (no amulet)
HPRegen 0.20/turn               (no ring)
MPRegen 0.10/turn               (no ring)

@: no status effects
A: horns 2, retaliatory headbutt
a: no special abilities


You were on level 5 of the Dungeon.
You visited 1 branch of the dungeon, and saw 5 of its levels.
You also visited: Sewer.

You collected 221 gold pieces.

Inventory:

Hand Weapons
 a - a +0 long sword (weapon)
 b - a +0 sling
Missiles
 d - 5 throwing nets
 e - a javelin
 u - 7 poisoned darts (quivered)
Armour
 c - a +2 hat (worn)
 f - a +0 plate armour
 l - a +0 pair of boots (worn)
 t - a +0 chain mail (worn)
Wands
 s - a wand of paralysis (13)
Scrolls
 g - 2 scrolls of poison
 i - a scroll of vulnerability {unknown}
 m - a scroll of identify
 p - 2 scrolls of teleportation
Potions
 h - 3 potions of flight
 j - 3 potions of lignification
 k - 4 potions of might
 o - a potion of curing
 q - a potion of berserk rage {unknown}
 r - 2 potions of haste


   Skills:
 + Level 4.6 Fighting
 + Level 8.3 Long Blades
 + Level 0.5 Ranged Weapons
 + Level 2.7 Throwing
 + Level 4.4 Armour
 + Level 4.2 Dodging
 + Level 0.9 Stealth


You had 6 spell levels left.
You didn't know any spells.
Your spell library contained the following spells:

 Spells                   Type           Power      Damage    Failure   Level
 Scorch                   Fire           0%         2d5       100%        2
 Flame Wave               Conj/Fire      0%         2d4       100%        4
 Summon Cactus Giant      Summ           0%         N/A       100%        6


Dungeon Overview and Level Annotations

Branches:
Dungeon (5/15)              Sewer (visited)
 Temple: D:4-7

Altars:
Dithmenos
Vehumet


Innate Abilities, Weirdness & Mutations

You have a pair of horns on your head.
You reflexively headbutt those who attack you in melee.


Message History

You closely miss the gnoll.
You headbutt the gnoll, but do no damage.
The gnoll is severely wounded.
The gnoll hits you but does no damage.
The gnoll sergeant hits you from afar with a +2 vorpal spear!
* * * LOW HITPOINT WARNING * * *
x2 You hit the gnoll.
The gnoll is severely wounded.
The gnoll barely misses you.
The gnoll sergeant hits you but does no damage.
Unknown command.
The gnoll attacks as you move away! The gnoll hits you but does no damage.
The gnoll attacks as you move away! The gnoll hits you but does no damage.
The gnoll attacks as you move away! The gnoll hits you but does no damage.
The gnoll attacks as you move away! The gnoll hits you with a +0 club.
* * * LOW HITPOINT WARNING * * *
You hit the gnoll. You headbutt the gnoll.
The gnoll is almost dead.
The gnoll barely misses you. You furiously retaliate!
You headbutt the gnoll!
You kill the gnoll!
The gnoll sergeant hits you from afar with a +2 vorpal spear!
* * * LOW HITPOINT WARNING * * *
x2 Unknown command.
You feel better.
The gnoll sergeant hits you but does no damage.
The gnoll hits you but does no damage.
The gnoll sergeant hits you with a +2 vorpal spear.
* * * LOW HITPOINT WARNING * * *
x2 You see here a +0 club.
Unknown command.
The gnoll sergeant hits you but does no damage.
You feel better.
The gnoll sergeant hits you but does no damage.
There is a shadowy altar of Dithmenos here.
The gnoll sergeant hits you from afar with a +2 vorpal spear.
* * * LOW HITPOINT WARNING * * *
x2
There is a stone staircase leading down here.
The gnoll sergeant hits you from afar with a +2 vorpal spear!
* * * LOW HITPOINT WARNING * * *
You die...

##.# #.# #..#.#######
##.#######.#######.#### #.#
g....................# #.#
##.#.#.####..#.##.#### #.####
.......#####.#.##.# #.##.##
#.......g..._..##.#########.#...#
.).....#####g#.##................
#.#..#.#.....g.######.#######...#
#.#..#.#.#####g.@.....# ##.#.
#.#..#.#.# #.######## #.##
#.#..#.#.# #.# #.## #.#..#.#.#
#.# #.## #........# #.# #...
###..#.### #.# ########
#..#.#######.####### ##...##
#...........#......# #..#..###
###..........###.###.####.###....


You could see a gnoll sergeant and 2 gnolls.

Vanquished Creatures
  An ice beast (D:5)
  A black bear (D:5)
  An ogre (D:4)
  3 scorpions
  A jelly (D:5)
  An orc priest (D:5)
  A hound (D:4)
  An iguana (D:5)
  3 orc wizards
  A hell rat (Sewer)
  3 gnolls (D:5)
  3 adders
  5 river rats (Sewer)
  2 worms
  4 dart slugs
  17 orcs
  8 ball pythons
  7 endoplasms
  3 giant cockroaches (D:3)
  8 hobgoblins
  9 jackals
  3 quokkas
  2 bats
  6 frilled lizards
  9 goblins
  8 kobolds
  17 rats
128 creatures vanquished.

Vanquished Creatures (others)
  3 plants (D:2)
3 creatures vanquished.

Grand Total: 131 creatures vanquished

Notes
Turn   | Place    | Note
-------+----------+-------------------------------------------
     0 | D:1      | Eitelfritz the Minotaur Gladiator began the quest for the
                  | Orb.
     0 | D:1      | Reached XP level 1. HP: 18/18 MP: 0/0
   206 | D:1      | Reached skill level 4 in Long Blades
   302 | D:1      | Reached XP level 2. HP: 25/25 MP: 1/1
  1006 | D:1      | Reached XP level 3. HP: 30/30 MP: 2/2
  1950 | D:2      | Reached skill level 1 in Armour
  1950 | D:2      | Reached XP level 4. HP: 34/38 MP: 3/3
  2273 | D:3      | Found a glowing drain.
  2296 | D:3      | Reached skill level 5 in Long Blades
  2330 | Sewer    | Entered a sewer
  2929 | Sewer    | Reached XP level 5. HP: 14/45 MP: 4/4
  3450 | D:3      | Found a faded altar of an unknown god.
  4491 | D:4      | Noticed an ogre
  4505 | D:4      | Killed an ogre
  4506 | D:4      | Reached skill level 6 in Long Blades
  4506 | D:4      | Reached XP level 6. HP: 10/52 MP: 5/5
  5169 | D:5      | Entered Level 5 of the Dungeon
  5300 | D:5      | Reached skill level 7 in Long Blades
  5300 | D:5      | Reached XP level 7. HP: 58/59 MP: 6/6
  5755 | D:5      | Reached skill level 8 in Long Blades
  6052 | D:5      | Found a shadowy altar of Dithmenos.
  6131 | D:5      | Found a radiant altar of Vehumet.
  6154 | D:5      | HP: 3/60 [gnoll sergeant/+2 vorpal spear (1)]
  6167 | D:5      | HP: 3/60 [gnoll sergeant/+2 vorpal spear (8)]
  6167 | D:5      | Slain by a gnoll sergeant

Illustrated notes

Levels and vault maps discovered:
D:1:      spicycebolla_arrival_risky_transporter, layout_basic
D:2:      layout_loops_cross, amcnicky_mini_corridor_feature, chequers_big_river
D:3:      layout_loops_ring, portal_sewer_entry_a,
          chequers_ecumenical_altar_island
D:4:      layout_rooms
D:5:      minmay_angry_zag, layout_loops_ring,
          mainiacjoe_overflow_concentric_impassable,
          minmay_overflow_temple_star_quad, lemuel_crystal_altar,
          chequers_serial_rivers_large_b

Skill      XL: |  1  2  3  4  5  6  7 |
---------------+----------------------+-----
Long Blades    | 4 5 6 7 8 |  8.3
Fighting       | 3 4 |  4.6
Armour         | 1 2 3 4 |  4.4
Dodging        | 4 |  4.2
Ranged Weapons | |  0.5
Throwing       | |  2.7
Stealth        | |  0.9

Action                   |  1- 3 |  4- 6 |  7- 9 || total
-------------------------+-------+-------+-------++-------
Melee: Long sword        |    81 |   188 |    70 ||   339
       Headbutt          |    12 |    28 |    16 ||    56
       Punch             |     1 |       |     1 ||     2
 Fire: Sling             |       |     4 |       ||     4
Throw: Dart              |       |     4 |       ||     4
  Use: Scroll            |       |    12 |       ||    12
       Potion            |       |       |     2 ||     2
Armor: Leather armour    |    20 |    15 |       ||    35
       Chain mail        |       |    53 |    45 ||    98
Dodge: Dodged            |    61 |   100 |    16 ||   177
